 Dungeon Crawl Stone Soup version 0.17-a0-1887-g3e50df6 (webtiles) character file.

176 mcbry74 the Slinger (level 5, 0/34 HPs)
             Began as a Halfling Hunter on Sept 23, 2015.
             Succumbed to an adder's poison
             ... on level 4 of the Dungeon.
             The game lasted 00:21:44 (2494 turns).

mcbry74 the Slinger (Halfling Hunter)               Turns: 2494, Time: 00:21:44

Health: 0/34       AC:  3    Str: 12    XL:     5   Next: 86%
Magic:  5/5        EV: 14    Int: 10    God:
Gold:   184        SH:  0    Dex: 16    Spells: 0 memorised, 4 levels left

rFire  . . .     SeeInvis .     a - +1 hunting sling
rCold  . . .     Clarity  .     d - +0 leather armour
rNeg   . . .     SustAt   .     (shield restricted)
rPois  .         Gourm    .     (no helmet)
rElec  .         Spirit   .     (no cloak)
rCorr  .         Warding  .     (no gloves)
rMut   .         Stasis   .     (no boots)
MR     .....                    (no amulet)
Stlth  ++........               (no ring)
                                (no ring)

@: lethally poisoned (0 -> -2), not resistant to hostile enchantments,
unstealthy
A: mutation resistance 1
a: no special abilities


You were on level 4 of the Dungeon.
You were not hungry.

You visited 1 branch of the dungeon, and saw 4 of its levels.

You collected 184 gold pieces.

Inventory:

Hand weapons
 a - a +1 hunting sling (weapon)
 c - a +0 short sword
Missiles
 b - 16 sling bullets
 i - 83 stones (quivered)
Armour
 d - a +0 leather armour (worn)
 m - a +0 animal skin
 n - a +0 helmet
Scrolls
 f - 3 scrolls of identify
 g - a scroll of teleportation {unknown}
 k - a scroll of enchant weapon {unknown}
Potions
 e - a potion of beneficial mutation {unknown}
 h - 2 potions of cancellation
 j - 2 potions of curing {unknown}
 o - a potion of haste {unknown}
Comestibles
 l - 2 slices of pizza


   Skills:
 - Level 1.9 Fighting
 - Level 2.0 Short Blades
 + Level 8.2 Slings
 - Level 0.4 Armour
 - Level 2.2 Dodging
 * Level 3.0 Stealth


You had 4 spell levels left.
You didn't know any spells.

Dungeon Overview and Level Annotations

Branches:
Dungeon (4/15)
 Temple: D:4-7

Altars:
Ashenzari
Xom

Annotations:
D:3 ghost, Zebura's ghost, average MfVM


Innate Abilities, Weirdness & Mutations

You are small and have problems with some larger weapons.
You are somewhat resistant to further mutation.


Message History

* * * LOW HITPOINT WARNING * * *
Firing (i - inventory. (,) - cycle):
i - 86 stones (quivered)
Press: ? - help, Shift-Dir - straight line, f/p - adder
Aim: an adder (moderately wounded)
You shoot a stone. The stone barely misses the adder.
The adder bites you.
* * * LOW HITPOINT WARNING * * *
The orc hits you with a falchion.
* * * LOW HITPOINT WARNING * * *
Firing (i - inventory. (,) - cycle):
i - 85 stones (quivered)
Press: ? - help, Shift-Dir - straight line, f/p - adder
Aim: an adder (moderately wounded)
You shoot a stone. The stone barely misses the adder.
The adder bites you but does no damage.
Firing (i - inventory. (,) - cycle):
i - 84 stones (quivered)
Press: ? - help, Shift-Dir - straight line, f/p - adder
Aim: an adder (moderately wounded)
You shoot a stone.
The stone hits the adder but does no damage.
The adder is moderately wounded.
You die...

# # .## #.###
...# ###.#.#
....#
..#.....#.....#
#(....S@(.....#
#.....o......?#
#..............
...............
...............
#..............
#........######
.(......##


You could see an adder and an orc.

Vanquished Creatures
  An orc priest (D:3)
  Robin (D:2)
  4 gnolls
  4 adders
  2 giant geckos (D:1)
  4 orcs (D:3)
  12 goblins
  10 hobgoblins
  5 kobolds
  9 bats
  10 rats
62 creatures vanquished.

Notes
Turn   | Place    | Note
--------------------------------------------------------------
     0 | D:1      | mcbry74 the Halfling Hunter began the quest for the Orb.
     0 | D:1      | Reached XP level 1. HP: 14/14 MP: 1/1
    36 | D:1      | Reached skill level 6 in Slings
   287 | D:1      | Reached skill level 1 in Short Blades
   287 | D:1      | Reached XP level 2. HP: 19/19 MP: 2/2
   337 | D:1      | Reached XP level 3. HP: 24/24 MP: 3/3
   624 | D:2      | Noticed Robin
   696 | D:2      | Found a shimmering altar of Xom.
   705 | D:2      | Found a shimmering altar of Xom.
   839 | D:2      | Reached skill level 7 in Slings
   839 | D:2      | Reached XP level 4. HP: 29/29 MP: 4/4
  1412 | D:2      | Killed Robin
  1530 | D:2      | Reached XP level 5. HP: 34/34 MP: 5/5
  1858 | D:3      | Noticed Zebura's ghost (average MfVM)
  1976 | D:3      | Found a shattered altar of Ashenzari.
  2151 | D:3      | Reached skill level 8 in Slings
  2492 | D:4      | HP: 1/34 [orc/falchion (6)]
  2494 | D:4      | Succumbed to an adder's poison

Vault maps used:
D:1:      mainiacjoe_arrival_reflecting_pool, minmay_close_crescents
D:2:      xom_redecorated, uniq_robin
D:3:      overflow_temple_1_default, portal_sewer_entry_a,
          cheibrodos_ashenzari_chains
D:4:      kennysheep_little_box, lemuel_temple_firewalk_marked, serial_shops,
          nicolae_shop_waterfront, nicolae_shop_temple_entry_statues_fountains,
          shop, shop, shop, nemelex_diamond_rough_becter

Action                   |  1- 3 |  4- 6 || total
-------------------------+-------+-------++-------
Melee: Short sword       |    19 |    15 ||    34
 Fire: Hunting sling     |    62 |   139 ||   201
  Use: Scroll            |     1 |       ||     1
  Eat: Bread ration      |       |     1 ||     1
       Chunk             |       |     1 ||     1
